 Dungeon Crawl Stone Soup version 0.23.1-41-g7e51ed3 (webtiles) character file.

Game seed: 5675249659835862029

1353 night the Conjurer (level 8, -14/57 HPs)
             Began as a Green Draconian Wizard on Mar 29, 2019.
             Was a Follower of Vehumet.
             Demolished by a red ugly thing (22 damage)
             ... on level 6 of the Dungeon.
             The game lasted 00:26:25 (5321 turns).

night the Conjurer (Green Draconian Wizard)         Turns: 5321, Time: 00:26:26

Health: -14/57     AC:  7    Str:  9    XL:     8   Next: 36%
Magic:  16/16      EV: 12    Int: 20    God:    Vehumet [*.....]
Gold:   310        SH:  0    Dex: 11    Spells: 5/18 levels left

rFire    . . .     SeeInvis .   a - +3 rapier (venom)
rCold    . . .     Gourm    .   (no shield)
rNeg     . . .     Faith    .   (armour unavailable)
rPois    +         Spirit   .   m - +1 hat
rElec    .         Reflect  .   (no cloak)
rCorr    .         Harm     .   (no gloves)
MR       .....                  (no boots)
Stlth    +++.......             o - amulet of magic regeneration
HPRegen  0.19/turn              w - ring of stealth
MPRegen  0.40/turn              (no ring)

@: about to teleport
A: breathe noxious fumes, unfitting armour, poison resistance, cold-blooded, AC
+6
a: Breathe Noxious Fumes, Renounce Religion


You were on level 6 of the Dungeon.
You worshipped Vehumet.
Vehumet was aware of your devotion.
You were not hungry.

You visited 2 branches of the dungeon, and saw 7 of its levels.

You collected 310 gold pieces.

Inventory:

Hand Weapons
 a - a +3 rapier of venom (weapon)
 b - a +0 long sword
 A - a +0 morningstar
 B - a +0 shortbow
Missiles
 k - 76 arrows
 p - 130 stones (quivered)
Armour
 m - a +1 hat (worn)
Jewellery
 o - an amulet of magic regeneration (around neck)
 w - a ring of stealth (left hand)
Wands
 f - a wand of random effects (3)
 E - a wand of acid (11)
Scrolls
 e - a scroll of fog
 h - 4 scrolls of remove curse
 j - a scroll of enchant armour
 u - a scroll of noise {unknown}
 v - a scroll of random uselessness {unknown}
 y - a scroll of immolation
 z - a scroll of blinking {unknown}
 C - a scroll of identify {unknown}
 F - 3 scrolls of fear {unknown}
Potions
 g - a potion of flight {unknown}
 l - 2 potions of curing {unknown}
 n - 3 potions of brilliance {unknown}
 q - 2 potions of haste {unknown}
 r - a potion of agility {unknown}
 s - 2 potions of lignification {unknown}
 t - 2 potions of resistance {unknown}
 x - a potion of mutation {unknown}
Comestibles
 c - 13 rations
 D - 7 chunks of flesh


   Skills:
 - Level 1.7 Dodging
 - Level 1.7 Stealth
 + Level 5.8 Spellcasting
 * Level 6.3 Conjurations
 - Level 1.0 Summonings
   Level 1.0 Translocations
 - Level 4.5 Air Magic
 + Level 3.9 Poison Magic


You had 5 spell levels left.
You knew the following spells:

 Your Spells              Type           Power        Failure   Level  Hunger
a - Magic Dart            Conj           ####         1%          1    None
b - Call Imp              Summ           #.......     11%         2    None
c - Mephitic Cloud        Conj/Pois/Air  ####....     4%          3    ##.....
d - Conjure Flame         Conj/Fire      ###.....     9%          3    ##.....
e - Iskenderun's Mystic   Conj           ####....     8%          4    ####...

Your spell library contained the following spells:

 Spells                   Type           Power        Failure   Level  Hunger
 Sandblast                Erth           #.....       11%         1    None
 Searing Ray              Conj           ####..       1%          2    None
 Dazzling Spray           Conj/Hex       ###...       9%          3    ##.....
 Blink                    Tloc           N/A          11%         2    None
 Slow                     Hex            #.......     16%         2    None
 Force Lance              Conj/Tloc      ###.....     24%         4    ####...
 Fulminant Prism          Conj/Hex       ###.......   28%         4    ####...


Dungeon Overview and Level Annotations

Branches:
Dungeon (6/15)             Temple (1/1) D:4

Altars:
Ashenzari
Cheibriados
Dithmenos
Elyvilon
Fedhas
Gozag
Hepliaklqana
Kikubaaqudgha
Makhleb
Nemelex Xobeh
Okawaru
Qazlal
Sif Muna
Trog
Uskayaw
Vehumet
Wu Jian
Xom
Yredelemnul
Zin

Shops:
D:5 [   D:6 *

Annotations:
D:6 1 runed translucent door, Kairos's ghost, novice VSFi


Innate Abilities, Weirdness & Mutations

You can breathe blasts of noxious fumes.
Your lurid green scales are hard. (AC +6)
You cannot fit into any form of body armour.
Your system is resistant to poisons. (rPois)
You are cold-blooded and may be slowed by cold attacks.


Message History

Okay, then.
Okay, then.
You swap places.
Items here: )))) [ รท The red ugly thing barely misses you.
Things that are here:
a +0 short sword; an orc skeleton The red ugly thing looks more healthy.
The red ugly thing pecks you but does no damage.
The red ugly thing closely misses you.
Search for what [? for help]? trap Can't find anything matching that.
The red ugly thing misses you.
Okay, then.
As you read the scroll of teleportation, it crumbles to dust.
You feel strangely unstable. The red ugly thing barely misses you.
The red ugly thing pecks you.
* * * LOW HITPOINT WARNING * * *
You are engulfed in flames!!
You die...

#.......# #...# ##.#####.#
#.#.# #......#.###.#..
#...............
#......#.###.##.
####......#.....###
#.........####### #
#..u############# #
#.@......#......#
#........#......###
#........#.........
#........######.###
#........# #.#
*******##+#.....######.###
*,,,,,,*#.###.#.........##
*,****,*#.# #.#.........##
*,* *,*#.# #.#.........##


You could see a red ugly thing.

Vanquished Creatures
  Pikel (D:6)
  Duvessa (D:6)
  A slave (D:6)
  2 phantoms
  A centaur (D:5)
  Dowan (D:6)
  A howler monkey (D:6)
  2 hounds (D:5)
  A bullfrog zombie (D:5)
  A jelly (D:6)
  A centaur skeleton (D:5)
  4 orc wizards
  A howler monkey zombie (D:5)
  3 adders
  2 oozes (D:1)
  2 adder skeletons
  3 worms (D:2)
  A dart slug (D:2)
  2 leopard geckos
  3 orcs
  6 bats
  4 giant cockroaches
  10 goblins
  8 hobgoblins
  6 jackals (D:4)
  3 kobolds
  2 quokkas
  A ball python (D:3)
  6 frilled lizards
  11 rats
91 creatures vanquished.

Vanquished Creatures (collateral kills)
  A sky beast (D:5)
  An ogre (D:5)
  A hound (D:4)
  Terence (D:3)
  2 adders (D:3)
  3 orcs (D:4)
9 creatures vanquished.

Grand Total: 100 creatures vanquished

Notes
Turn   | Place    | Note
-------+----------+-------------------------------------------
     0 | D:1      | night the Draconian Wizard began the quest for the Orb.
     0 | D:1      | Reached XP level 1. HP: 14/14 MP: 4/4
    66 | D:1      | Reached XP level 2. HP: 15/20 MP: 6/6
   150 | D:1      | Learned a level 2 spell: Call Imp
   384 | D:1      | Reached skill level 2 in Conjurations
   604 | D:1      | Reached XP level 3. HP: 25/26 MP: 0/8
   613 | D:1      | Learned a level 3 spell: Mephitic Cloud
  1061 | D:2      | Reached skill level 1 in Air Magic
  1496 | D:2      | Reached XP level 4. HP: 33/33 MP: 9/9
  1522 | D:2      | Found an iron altar of Okawaru.
  1737 | D:2      | Found a shadowy altar of Dithmenos.
  1740 | D:2      | Found a deep blue altar of Sif Muna.
  1748 | D:2      | Found a shattered altar of Ashenzari.
  1751 | D:2      | Found a white marble altar of Elyvilon.
  1766 | D:2      | Found a radiant altar of Vehumet.
  1773 | D:2      | Became a worshipper of Vehumet
  2312 | D:3      | Noticed Terence
  2326 | D:3      | Killed Terence
  2521 | D:4      | Noticed a phantom
  2718 | D:4      | Reached XP level 5. HP: 18/38 MP: 3/11
  2726 | D:4      | Reached skill level 3 in Conjurations
  2759 | D:4      | Reached * piety under Vehumet
  2759 | D:4      | Offered knowledge of Sandblast by Vehumet.
  3034 | D:4      | Found a staircase to the Ecumenical Temple.
  3041 | Temple   | Entered the Ecumenical Temple
  3176 | D:4      | Learned a level 3 spell: Conjure Flame
  3265 | D:4      | Killed a phantom
  3265 | D:4      | Reached XP level 6. HP: 27/45 MP: 5/12
  3511 | D:4      | Found a stormy altar of Qazlal.
  3758 | D:5      | Entered Level 5 of the Dungeon
  3923 | D:5      | Reached skill level 4 in Conjurations
  3991 | D:5      | Your scales start taking on a lurid green colour.
  3991 | D:5      | Reached XP level 7. HP: 41/50 MP: 12/14
  3991 | D:5      | Gained mutation: Your system is resistant to poisons.
                  | (rPois) [Green Draconian growth]
  4088 | D:5      | Reached skill level 5 in Spellcasting
  4088 | D:5      | Reached skill level 1 in Poison Magic
  4237 | D:5      | Found a blossoming altar of Fedhas.
  4289 | D:5      | Found Salappaw's Armour Shop.
  4621 | D:6      | Learned a level 4 spell: Iskenderun's Mystic Blast
  4691 | D:6      | Found a white marble altar of Elyvilon.
  4783 | D:6      | Found a shadowy altar of Dithmenos.
  4913 | D:6      | Found a runed translucent door.
  4914 | D:6      | Noticed Kairos's ghost (novice VSFi)
  4999 | D:6      | Noticed Pikel
  5013 | D:6      | Killed Pikel
  5013 | D:6      | Reached skill level 6 in Conjurations
  5013 | D:6      | Reached XP level 8. HP: 48/57 MP: 11/16
  5168 | D:6      | Found Dauv's General Store.
  5174 | D:6      | Noticed Duvessa
  5175 | D:6      | Noticed a red ugly thing
  5177 | D:6      | Noticed Dowan
  5196 | D:6      | Killed Duvessa
  5197 | D:6      | Killed Dowan
  5237 | D:6      | Found an ornate altar of the Wu Jian Council.
  5275 | D:6      | HP: 2/57 [red ugly thing (16)]
  5321 | D:6      | Demolished by a red ugly thing

Skill      XL: |  1  2  3  4  5  6  7 |
---------------+----------------------+-----
Conjurations   | 2 3 4 6 |  6.3
Air Magic      | 1 2 3 4 |  4.5
Spellcasting   | 4 5 |  5.8
Poison Magic   | 3 |  3.9
Dodging        | |  1.7
Stealth        | |  1.7
Summonings     | |  1.0
Translocations | |  1.0

Action                   |  1- 3 |  4- 6 |  7- 9 || total
-------------------------+-------+-------+-------++-------
Melee: Club              |    37 |       |       ||    37
       Unarmed           |     6 |       |       ||     6
       Tailslap          |     6 |     6 |     6 ||    18
       Dagger            |    17 |    82 |    39 ||   138
       Rapier            |       |       |     2 ||     2
 Cast: Magic Dart        |    78 |   107 |    48 ||   233
       Call Imp          |       |    15 |     7 ||    22
       Mephitic Cloud    |       |     7 |     7 ||    14
       Conjure Flame     |       |     2 |     3 ||     5
       Iskenderun's Myst |       |       |     3 ||     3
 Abil: Breathe Noxious F |       |       |     1 ||     1
Evoke: Wand              |       |    14 |       ||    14
  Use: Scroll            |       |       |     9 ||     9
 Stab: Sleeping          |     4 |     1 |     1 ||     6
       Distracted        |       |     1 |       ||     1
       Confused          |       |     2 |     2 ||     4
  Eat: Chunk             |     2 |     7 |     7 ||    16
Armor: Skin              |    22 |    35 |    12 ||    69
Dodge: Dodged            |    55 |    64 |    18 ||   137
